 Dungeon Crawl Stone Soup version 0.29.1-4-g47bece8355 (webtiles) character file.

Game seed: 7600751549239187987

331 MajorAdolf the Trooper (level 6, -2/62 HPs)
             Began as a Naga Wanderer on Dec 11, 2022.
             Slain by an iguana (6 damage)
             ... on level 4 of the Dungeon.
             The game lasted 00:06:04 (4866 turns).

MajorAdolf the Trooper (Naga Wanderer)              Turns: 4866, Time: 00:06:05

Health: -2/62      AC: 12    Str: 20    XL:     6   Next: 51%
Magic:  7/7        EV:  7    Int: 10    God:
Gold:   245        SH:  3    Dex:  9    Spells: 7/7 levels left

rFire   x . .      SeeInvis +   C - +2 dagger (vamp)
rCold   . . .      Faith    .   k - +0 buckler
rNeg    . . .      Spirit   .   s - +6 scale mail of the Pleiades {rPois rF- Stlth+}
rPois   +          Reflect  .   (no helmet)
rElec   .          Harm     .   A - +0 cloak
rCorr   .          Rampage  .   (no gloves)
Will    .....                   (no barding)
Stlth   ++........              (no amulet)
HPRegen 0.20/turn               (no ring)
MPRegen 0.10/turn               (no ring)

@: short of breath, very slow
A: AC +2, large, see invisible, deformed body, poison resistance, slowness 2,
spit poison 1, naga tail 1
a: Spit Poison


You were on level 4 of the Dungeon.
You visited 1 branch of the dungeon, and saw 5 of its levels.

You collected 245 gold pieces.

Inventory:

Hand Weapons
 a - a +1 dagger
 d - a +0 hand axe
 v - a +0 mace of venom
 C - a +2 vampiric dagger (weapon)
Missiles
 b - 2 atropa-tipped darts
 c - a datura-tipped dart
 i - 5 poisoned darts
Armour
 f - a +0 leather armour
 k - a +0 buckler (worn)
 r - a +3 ring mail
 s - the +6 scale mail of the Pleiades (worn) {rPois rF- Stlth+}
   (You found it on level 2 of the Dungeon)

   rF:        It makes you vulnerable to fire.
   rPois:     It protects you from poison.
   Stlth:     It makes you more stealthy.
 A - a +0 cloak (worn)
Magical Staves
 n - a staff of earth
Wands
 y - a wand of flame (20)
Scrolls
 e - 2 scrolls of blinking
 h - 6 scrolls of identify {unknown}
 l - a scroll of summoning {unknown}
 m - 2 scrolls of magic mapping {unknown}
 o - a scroll of enchant armour {unknown}
 p - a scroll of enchant weapon {unknown}
 q - a scroll of immolation {unknown}
 t - 2 scrolls of noise {unknown}
 z - 3 scrolls of teleportation {unknown}
 B - a scroll of fear {unknown}
 E - a scroll of torment {unknown}
Potions
 g - 5 potions of mutation {unknown}
 j - a potion of degeneration {unknown}
 u - a potion of curing {unknown}
 w - 2 potions of ambrosia {unknown}
 x - a potion of haste {unknown}
 D - a potion of invisibility {unknown}


   Skills:
 * Level 6.1 Fighting
 + Level 2.2 Short Blades
 - Level 1.0 Axes
 + Level 1.6 Armour
 + Level 1.7 Dodging
 - Level 4.0 Stealth
 + Level 2.0 Shields
 - Level 1.0 Spellcasting
 + Level 1.4 Evocations


You had 7 spell levels left.
You didn't know any spells.
Your spell library contained the following spells:

 Spells                   Type           Power      Damage    Failure   Level
 Ensorcelled Hibernation  Hex/Ice        0%         N/A       88%         2
 Passwall                 Tmut/Erth      0%         N/A       88%         2
 Swiftness                Air            0%         N/A       98%         3


Dungeon Overview and Level Annotations

Branches:
Dungeon (5/15)
 Temple: D:4-7

Altars:

Shops:
D:2 =


Innate Abilities, Weirdness & Mutations

Your serpentine skin is tough. (AC +2)
You have supernaturally acute eyesight. (SInv)
Armour fits poorly on your strangely shaped body.
Your system is resistant to poisons. (rPois)
You cover ground very slowly.
You can spit poison.
You have a snake-like lower body.


Message History

Aiming: Spit Poison (1% risk of failure)
Press: ? - help, Shift-Dir - straight line, f/p - iguana
Aim: an iguana (heavily wounded, 65% to hit)
The splash of poison hits the iguana.
The iguana is severely wounded.
The iguana bites you.
Unknown command.
Unknown command.
Unknown command.
You are too injured to fight recklessly!
A black bear comes into view.
The iguana bites you but does no damage.
The iguana bites you.
You have got your breath back.
The iguana bites you!
* * * LOW HITPOINT WARNING * * *
The iguana bites you but does no damage.
The iguana bites you.
* * * LOW HITPOINT WARNING * * *
There is a stone staircase leading up, spattered with blood here.
Unknown command.
The iguana bites you.
* * * LOW HITPOINT WARNING * * *
You climb upwards.
There is a stone staircase leading down here.
Unknown command.
Aiming: Spit Poison (1% risk of failure)
Press: ? - help, Shift-Dir - straight line, f - iguana
Aim: an iguana (severely wounded, 65% to hit)
The splash of poison misses the iguana.
The iguana bites you but does no damage.
Unknown command.
You closely miss the iguana.
The iguana is severely wounded.
The iguana bites you.
* * * LOW HITPOINT WARNING * * *
You hit the iguana but do no damage.
The iguana is heavily wounded.
The iguana bites you.
You die...

.......##.##...........# #.
.)........##..###.########### #.
#...........................####.
##.##.#.......###.###............
#.##.#.....(.# #.# #.#####.#####
##)...........###.# #.# #.#
................#.# #.# ##.##
####..#.......#l#.###.# ##...####
#..#.........@.....###........
####..######.#..#.......†......##
......######.#..#########.....##
.###......†..>..# ##...##
.............##.# #.#..#
.###.##########.# #....# .###.#
#.# ####.# .....# #.# #.# ######
#.# #.#


You could see an iguana.

Vanquished Creatures
  A scorpion (D:4)
  2 orc wizards
  An iguana (D:4)
  6 adders
  5 gnolls
  7 orcs
  5 ball pythons
  7 endoplasms
  4 giant cockroaches
  3 goblins
  5 hobgoblins
  3 jackals (D:4)
  4 quokkas
  9 bats
  3 frilled lizards
  3 kobolds
  6 rats
74 creatures vanquished.

Vanquished Creatures (others)
  An orc wizard (D:3)
1 creature vanquished.

Grand Total: 75 creatures vanquished

Notes
Turn   | Place    | Note
-------+----------+-------------------------------------------
     0 | D:1      | MajorAdolf the Naga Wanderer began the quest for the Orb.
     0 | D:1      | MajorAdolf set off with the following items: a +1 dagger, 2
                  | atropa-tipped darts, a datura-tipped dart, a +0 hand axe, a
                  | scroll of blinking, a +0 leather armour.
     0 | D:1      | Reached XP level 1. HP: 25/25 MP: 2/2
   530 | D:1      | Reached XP level 2. HP: 30/32 MP: 3/3
   702 | D:1      | Reached skill level 1 in Short Blades
   702 | D:1      | Reached XP level 3. HP: 39/39 MP: 4/4
  1335 | D:2      | Reached skill level 1 in Dodging
  1376 | D:2      | Reached skill level 1 in Shields
  1388 | D:2      | Reached XP level 4. HP: 21/46 MP: 5/5
  1664 | D:2      | Identified the +6 scale mail of the Pleiades {rPois rF-
                  | Stlth+}
  1840 | D:2      | Found Yppiowad's Jewellery Boutique.
  2697 | D:3      | You fall into a shaft and drop 1 floor!
  2940 | D:3      | Reached XP level 5. HP: 50/52 MP: 6/6
  3682 | D:3      | Found a faded altar of an unknown god.
  3705 | D:3      | Reached skill level 1 in Evocations
  4246 | D:4      | Reached XP level 6. HP: 40/62 MP: 7/7
  4262 | D:4      | Reached skill level 6 in Fighting
  4830 | D:5      | Entered Level 5 of the Dungeon
  4858 | D:5      | Noticed a black bear
  4866 | D:4      | Slain by an iguana

Illustrated notes

Levels and vault maps discovered:
D:1:      erik_arrival_cave_to_civilisation [erik_arrival_cave_to_hall],
          layout_basic, minmay_misc_feat_secret_circle, minmay_unequal
D:2:      layout_basic, serial_shops, nicolae_shop_hallway_stairs,
          minmay_circle_x
D:3:      layout_loops_cross, chequers_ecumenical_altar_island,
          kennysheep_generic_room_16
D:4:      layout_loops_ring
D:5:      layout_loops_corners, serial_shops, shop, biasface_ghost_orc_armoury,
          dreamdust_mushroom_princess, grunt_decor_one_mirror

Skill      XL: |  1  2  3  4  5  6 |
---------------+-------------------+-----
Short Blades   | 1 2 |  2.2
Dodging        | 1 |  1.7
Shields        | 1 2 |  2.0
Stealth        | 4 |  4.0
Evocations     | 1 |  1.4
Fighting       | 6 |  6.1
Axes           | |  1.0
Armour         | |  1.6
Spellcasting   | |  1.0

Action                   |  1- 3 |  4- 6 || total
-------------------------+-------+-------++-------
Melee: Dagger            |    68 |   367 ||   435
Throw: Dart              |     1 |       ||     1
 Abil: Spit Poison       |    15 |    30 ||    45
 Stab: Sleeping          |     1 |     6 ||     7
Armor: Leather armour    |    27 |     3 ||    30
       Scale mail        |       |   203 ||   203
Dodge: Dodged            |    43 |   115 ||   158
Block: Buckler           |    14 |    52 ||    66
